 Dungeon Crawl Stone Soup version 0.30-a0-715-gdb4ae3ece1 (webtiles) character file.

Game seed: 12157400509480557871

74 avis the Shooter (level 3, 0/31 HPs)
             Began as a Demigod Hunter on Jan 24, 2023.
             Slain by Ijyb
             ... wielding a +4 club
              (6 damage)
             ... on level 2 of the Dungeon.
             The game lasted 00:06:01 (1439 turns).

avis the Shooter (Demigod Hunter)                   Turns: 1439, Time: 00:06:02

Health: 0/31       AC:  3    Str: 12    XL:     3   Next: 86%
Magic:  5/5        EV: 12    Int: 11    God:
Gold:   119        SH:  0    Dex: 21    Spells: 2/2 levels left

rFire   . . .      SeeInvis .    a - +0 shortbow
rCold   . . .      Faith    .    (shield currently unavailable)
rNeg    . . .      Spirit   .    c - +0 leather armour
rPois   .          Reflect  .    (no helmet)
rElec   .          Harm     .    (no cloak)
rCorr   .          Rampage  .    (no gloves)
Will    .....                    (no boots)
Stlth   ++                       (no amulet)
HPRegen 0.25/turn                (no ring)
MPRegen 0.09/turn                (no ring)

@: no status effects
A: high MP 1, forlorn, divine attributes
a: no special abilities


You were on level 2 of the Dungeon.
You visited 1 branch of the dungeon, and saw 3 of its levels.

You collected 119 gold pieces.

Inventory:

Hand Weapons
 a - a +0 shortbow (weapon)
Missiles
 k - 14 poisoned darts
Armour
 c - a +0 leather armour (worn)
 d - a +0 pair of gloves
Scrolls
 b - a scroll of immolation
 e - 2 scrolls of torment {unknown}
 f - 2 scrolls of teleportation {unknown}
 g - a scroll of fear {unknown}
 i - a scroll of enchant armour {unknown}
 l - a scroll of amnesia {unknown}
 m - a scroll of fog {unknown}
 n - 2 scrolls of identify {unknown}
Potions
 h - a potion of ambrosia {unknown}
 o - a potion of haste {unknown}


   Skills:
 - Level 3.0 Fighting
 * Level 4.4 Ranged Weapons
 - Level 2.0 Dodging
 - Level 1.0 Stealth


You had 2 spell levels left.
You didn't know any spells.
Your spell library was empty.

Dungeon Overview and Level Annotations

Branches:
Dungeon (3/15)

Annotations:
D:2 Ijyb


Innate Abilities, Weirdness & Mutations

You have an increased reservoir of magic. (+10% MP)
You shall have no god before yourself.
Your divine heritage dramatically boosts your attributes as you level up.


Message History

You shoot an arrow. The arrow hits Ijyb but does no damage.
Ijyb is lightly wounded.
Ijyb barely misses you.
Fire: a) +0 shortbow
Press: ? - help, Q - select action, (/) - cycle Shift-Dir - straight line, f/p - Ijyb
Aim: Ijyb, wielding a +4 club, wearing a +0 scale mail and carrying a wand of charming (7) (lightly wounded, 62% to hit)
You shoot an arrow. The arrow hits Ijyb.
Ijyb is moderately wounded.
Ijyb hits you with a +4 club. x2
Fire: a) +0 shortbow
Press: ? - help, Q - select action, (/) - cycle Shift-Dir - straight line, f/p - Ijyb
Aim: Ijyb, wielding a +4 club, wearing a +0 scale mail and carrying a wand of charming (7) (moderately wounded, 62% to hit)
You shoot an arrow. The arrow hits Ijyb but does no damage.
Ijyb is moderately wounded.
Ijyb zaps a wand.
Your will is overpowered!
You are confused.
Unknown command.
You feel better. Ijyb hits you with a +4 club!
Fire: a) +0 shortbow
Press: ? - help, Q - select action, (/) - cycle Shift-Dir - straight line, f/p - Ijyb
Aim: Ijyb, wielding a +4 club, wearing a +0 scale mail and carrying a wand of charming (6) (moderately wounded, 62% to hit)
You shoot an arrow. The arrow closely misses Ijyb.
Ijyb hits you with a +4 club.
* * * LOW HITPOINT WARNING * * *
Fire: a) +0 shortbow
Press: ? - help, Q - select action, (/) - cycle Shift-Dir - straight line, f/p - Ijyb
Aim: Ijyb, wielding a +4 club, wearing a +0 scale mail and carrying a wand of charming (6) (moderately wounded, 62% to hit)
You shoot an arrow. The arrow hits Ijyb but does no damage.
Ijyb is moderately wounded.
Ijyb hits you with a +4 club.
* * * LOW HITPOINT WARNING * * *
You feel better. Ijyb hits you with a +4 club.
* * * LOW HITPOINT WARNING * * *
Fire: a) +0 shortbow
Press: ? - help, Q - select action, (/) - cycle Shift-Dir - straight line, f/p - Ijyb
Aim: Ijyb, wielding a +4 club, wearing a +0 scale mail and carrying a wand of charming (6) (moderately wounded, 62% to hit)
You shoot an arrow. The arrow hits Ijyb!
Ijyb is heavily wounded.
Ijyb hits you with a +4 club.
You die...

.......#.##########.#..# #.#
##...###.# #(#..# #.#
#...###.##########.#..# #.##
#.....................####..#
#.####.#.#########..........#
#.....#.#........>..........#
######.#.########.....###...#
##.## ####.....###...#
#.######.@g...........#
#........##.....###..## #####
####............# #..# ....#
#.########..## #..## ....#
#.# #..# ##.#.## ....# #.#
#..###.###.## ....# #.#
#..##.## ##.##
....#######.########..#.##
##.#
)........................##
##<##


You could see Ijyb.

Vanquished Creatures
  An adder (D:2)
  A worm (D:2)
  3 dart slugs
  2 ball pythons
  7 endoplasms
  2 giant cockroaches
  2 goblins
  3 hobgoblins
  9 jackals
  2 quokkas
  4 bats
  3 frilled lizards
  8 kobolds
  3 rats
50 creatures vanquished.

Notes
Turn   | Place    | Note
-------+----------+-------------------------------------------
     0 | D:1      | avis the Demigod Hunter began the quest for the Orb.
     0 | D:1      | Reached XP level 1. HP: 17/17 MP: 3/3
   125 | D:1      | Reached skill level 4 in Ranged Weapons
   125 | D:1      | Reached XP level 2. HP: 22/24 MP: 4/4
   149 | D:1      | Reached skill level 1 in Stealth
   641 | D:2      | Reached XP level 3. HP: 30/30 MP: 5/5
  1414 | D:3      | Noticed Ijyb
  1439 | D:2      | Slain by Ijyb

Illustrated notes

Levels and vault maps discovered:
D:1:      dpeg_arrival_round_c, layout_rooms, hangedman_decor_growths
D:2:      layout_loops_ring, basic_altar
D:3:      layout_loops_cross, serial_shops, shop, uniq_ijyb,
          uniq_crazy_yiuf_cottage

Skill      XL: |  1  2  3 |
---------------+----------+-----
Fighting       | 2 3 |  3.0
Ranged Weapons | 4 |  4.4
Dodging        | 2 |  2.0
Stealth        | 1 |  1.0

Action                     || total
---------------------------++-------
   Fire: Shortbow          ||   111
    Use: Potion            ||     3
 Armour: Leather armour    ||    14
  Dodge: Dodged            ||    46

Table legend: (Time is in decaauts)
 A = Elapsed time spent in this place.
 B = Non-inter-level travel time spent in this place.
 C = Inter-level travel time spent in this place.
 D = Time resting spent in this place.
 E = Time spent auto-exploring this place.
 F = Levels seen in this place.
 G = Mean time per level.
                   A        B        C        D        E       F      G
               +--------+--------+--------+--------+--------+-----+--------+
         Total |   1476 |   1240 |    236 |    113 |    820 |   3 |  492.0 |
       Dungeon |   1476 |   1240 |    236 |    113 |    820 |   3 |  492.0 |
               +--------+--------+--------+--------+--------+-----+--------+

Top non-repeatable levels by time:
     D:1: 742 daAuts
     D:2: 707 daAuts
     D:3: 26 daAuts
